 Dungeon Crawl Stone Soup version 0.27-a0-1191-g601b473118 (webtiles) character file.

Game seed: 12085793896862612158

22 seigurt the Insei (level 2, 21/21 HPs)
             Began as a Merfolk Transmuter on Dec 2, 2020.
             Quit the game on level 2 of the Dungeon on May 23, 2021.
             The game lasted 00:03:46 (874 turns).

seigurt the Insei (Merfolk Transmuter)               Turns: 874, Time: 00:03:46

Health: 21/21      AC:  2    Str: 10    XL:     2   Next: 91%
Magic:  5/5        EV: 13    Int: 12    God:
Gold:   38         SH:  0    Dex: 14    Spells: 4/5 levels left

rFire    . . .     SeeInvis .     - Unarmed
rCold    . . .     Faith    .   (no shield)
rNeg     . . .     Spirit   .   a - +0 robe
rPois    .         Reflect  .   (no helmet)
rElec    .         Harm     .   (no cloak)
rCorr    .         Rampage  .   (no gloves)
Will     .....                  (no boots)
Stlth    +.........             (no amulet)
HPRegen  0.07/turn              (no ring)
MPRegen  0.09/turn              (no ring)

@: no status effects
A: (nimble swimmer 2), mertail
a: no special abilities


You were on level 2 of the Dungeon.
You visited 1 branch of the dungeon, and saw 2 of its levels.

You collected 38 gold pieces.

Inventory:

Missiles
 f - 21 poisoned darts
Armour
 a - a +0 robe (worn)
Scrolls
 h - a scroll of identify {unknown}
Potions
 b - a potion of curing {unknown}
 c - a potion of heal wounds {unknown}
 e - a potion of haste {unknown}
 g - a potion of mutation {unknown}


   Skills:
 + Level 1.2 Fighting
 + Level 3.3 Dodging
 + Level 0.1 Stealth
 + Level 3.8 Unarmed Combat
 - Level 2.0 Spellcasting
 - Level 3.0 Transmutations


You had 4 spell levels left.
You knew the following spells:

 Your Spells              Type           Power      Damage    Failure   Level
a - Beastly Appendage     Tmut           16%        N/A       8%          1

Your spell library contained the following spells:

 Spells                   Type           Power      Damage    Failure   Level
 Wereblood                Tmut           8%         N/A       12%         2
 Spider Form              Tmut/Pois      2%         N/A       41%         3
 Ice Form                 Ice/Tmut       4%         N/A       82%         4
 Blade Hands              Tmut           4%         N/A       100%        6


Dungeon Overview and Level Annotations

Branches:
Dungeon (2/15)

Altars:


Innate Abilities, Weirdness & Mutations

((You are quick and stealthy near water. (Stealth+, EV+, Speed+++)))
Your lower body shifts to a powerful aquatic tail in water.


Message History

h - a scroll labelled HUVOCLOOME As you open the door, it creaks loudly!
There is an open door here.
A goblin comes into view. It is wielding a +0 club.
The goblin shouts!
You grow a pair of large bovine horns.
The goblin barely misses you.
You closely miss the goblin. Your headbutt misses the goblin.
The goblin closely misses you.
You hit the goblin.
You kill the goblin!
You see here a +0 club.
Your transformation is almost over.
You open the door.
Done exploring.
Done exploring.
Done exploring.
Done exploring.
You see here a +0 club.
Your horns disappear.
You see here a +0 club.
There is a stone staircase leading down here.
Blink to where?
Press: ? - help, Dir - move target, f - you Are you sure you want to cancel this blink?
Blink to where?
Press: ? - help, Dir - move target
There is a wall there.
Are you sure you want to cancel this blink?
Blink to where?
Press: ? - help, Dir - move target, f - you Are you sure you want to cancel this blink?
Okay, then.
As you read the scroll labelled HAXOARGH NAHOH, it crumbles to dust.
It was a scroll of blinking.
You climb downwards.
Couldn't find overflow temple tag 'temple_overflow_generic_1'!
Found 12 gold pieces.
There is a stone staircase leading up here.
Unknown command.
Are you sure you want to abandon this character and quit the game? (Confirm with "yes".)

# .#
#####..#.##
#..@.......
#..........
#....$.#...
#........ .
..#...####
####...#
...## ####


There were no monsters in sight!

Vanquished Creatures
  A dart slug (D:1)
  2 ghosts (D:1)
  A giant cockroach (D:1)
  2 goblins (D:1)
  3 hobgoblins (D:1)
  A kobold (D:1)
  4 bats (D:1)
  A frilled lizard (D:1)
  4 rats (D:1)
19 creatures vanquished.

Notes
Turn   | Place    | Note
-------+----------+-------------------------------------------
     0 | D:1      | seigurt the Merfolk Transmuter began the quest for the Orb.
     0 | D:1      | Reached XP level 1. HP: 15/15 MP: 3/3
     5 | D:1      | Upgraded the game from 0.26-a0-964-g69f9a3b9e2 to
                  | 0.26-a0-966-gd078a86f14
     5 | D:1      | Upgraded the game from 0.26-a0-966-gd078a86f14 to
                  | 0.27-a0-1191-g601b473118
   133 | D:1      | Reached XP level 2. HP: 21/21 MP: 3/5
   874 | D:2      | Quit the game

Illustrated notes

Levels and vault maps discovered:
D:1:      saegor_arrival_simple_d, layout_basic, minmay_liquid_box
D:2:      layout_basic, chequers_ecumenical_altar_twisty, serial_shops,
          nicolae_shop_overgrown_old_shop, kennysheep_cross_room, uniq_terence,
          uniq_jessica, uniq_natasha

Skill      XL: |  1  2 |
---------------+-------+-----
Transmutations | 3 |  3.0
Dodging        | 3 |  3.3
Fighting       | |  1.2
Stealth        | |  0.1
Unarmed Combat | |  3.8
Spellcasting   | |  2.0

Action                   || total
-------------------------++-------
Melee: Unarmed           ||    48
       Headbutt          ||     5
       Punch             ||     2
 Cast: Beastly Appendage ||    12
  Use: Scroll            ||     1
Armor: Robe              ||    13
Dodge: Dodged            ||    36

Table legend: (Time is in decaauts)
 A = Elapsed time spent in this place.
 B = Non-inter-level travel time spent in this place.
 C = Inter-level travel time spent in this place.
 D = Time resting spent in this place.
 E = Time spent auto-exploring this place.
 F = Levels seen in this place.
 G = Mean time per level.
                   A        B        C        D        E       F      G
               +--------+--------+--------+--------+--------+-----+--------+
         Total |    869 |    842 |     27 |      5 |    657 |   2 |  434.5 |
       Dungeon |    869 |    842 |     27 |      5 |    657 |   2 |  434.5 |
               +--------+--------+--------+--------+--------+-----+--------+

Top non-repeatable levels by time:
     D:1: 868 daAuts
     D:2: 0 daAuts
